 Dungeon Crawl Stone Soup version 0.20.1-1-g8b1a95d (webtiles) character file.

200 terrabitesyou the Chopper (level 5, 0/47 HPs)
             Began as a Minotaur Berserker on Nov 4, 2017.
             Was a Believer of Trog.
             Killed by divine providence
             ... invoked by an orc priest
              (15 damage)
             ... on level 3 of the Dungeon.
             The game lasted 00:21:44 (1955 turns).

terrabitesyou the Chopper (Minotaur Berserker)      Turns: 1955, Time: 00:21:45

Health: 0/47       AC:  6    Str: 22    XL:     5   Next: 49%
Magic:  4/4        EV: 12    Int:  4    God:    Trog [**....]
Gold:   18         SH:  0    Dex: 10    Spells: 4/4 levels left

rFire    . . .     SeeInvis .   a - +0 hand axe
rCold    . . .     Gourm    .   (no shield)
rNeg     . . .     Faith    .   i - +0 ring mail
rPois    .         Spirit   .   (helmet restricted)
rElec    .         Reflect  .   f - +0 cloak (curse)
rCorr    .         Harm     .   (no gloves)
MR       .....                  (no boots)
Stlth    ..........             (no amulet)
Regen    0.2/turn               (no ring)
MPRegen  0.1/turn               (no ring)

@: berserk cooldown, slowed, very slow
A: retaliatory headbutt, horns 2
a: Berserk, Trog's Hand, Burn Spellbooks, Renounce Religion


You were on level 3 of the Dungeon.
You worshipped Trog.
Trog was pleased with you.
You were very hungry.

You visited 1 branch of the dungeon, and saw 3 of its levels.

You collected 18 gold pieces.

Inventory:

Hand Weapons
 a - a +0 hand axe (weapon)
Armour
 f - a cursed +0 cloak (worn)
 i - a +0 ring mail (worn)
Jewellery
 o - a +3 ring of dexterity {unknown}
Scrolls
 d - a scroll of magic mapping {unknown}
 h - 2 scrolls of identify {unknown}
 l - a scroll of fog {unknown}
 m - a scroll of teleportation {unknown}
 n - 2 scrolls of amnesia {unknown}
Potions
 e - 2 potions of curing
 g - a potion of haste {unknown}
 k - a potion of degeneration {unknown}
 p - a potion of brilliance {unknown}
 r - a potion of might {unknown}
Comestibles
 b - 2 fruits
 c - 2 bread rations
 j - 2 royal jellies
 q - a meat ration


   Skills:
 + Level 4.5 Fighting
 + Level 6.1 Axes
 + Level 3.3 Armour
 + Level 3.0 Dodging
 + Level 0.1 Stealth


You had 4 spell levels left.
You didn't know any spells.

Dungeon Overview and Level Annotations

Branches:
Dungeon (3/15)

Altars:


Innate Abilities, Weirdness & Mutations

You reflexively headbutt those who attack you in melee.
You have a pair of horns on your head.


Message History

You barely miss the orc. Your headbutt misses the orc.
The orc closely misses you.
An orc comes into view. It is wielding a hand axe.
You see here a giant club.
You are too berserk!
Unknown command.
Unknown command.
You feel a strong urge to attack something.
You are no longer berserk.
You are exhausted.
You feel yourself slow down.
The orc priest invokes the aid of Beogh against you.
Beogh smites you!
* * * LOW HITPOINT WARNING * * *
The orc priest casts a cantrip, but nothing happens.
The orc hits you but does no damage.
It was a potion of curing.
You feel better. The orc completely misses you.
The orc priest mumbles some strange prayers to Beogh against you.
Beogh smites you!
You die...

###.#### #........ #........
#########.# ##.## #...# #####
#.####### #...# #...#
#.......#
#..%###.#>####.#####.##
#...#.@.#...##........#
######...#o#####........#.>.
o##...o.)......#..........#...
[..............#..###.........
###.....o.........###.........
######$..##.....##.....##...
#...######.##.#.......# #?..#
#.......###### #...#
####......# ##


You could see an orc priest and an orc.

Vanquished Creatures
  An ogre (D:3)
  Terence (D:2)
  3 adders (D:2)
  3 oozes
  4 dart slugs (D:1)
  A worm (D:2)
  A leopard gecko (D:1)
  3 goblins (D:1)
  6 hobgoblins
  4 jackals (D:1)
  7 kobolds
  A quokka (D:2)
  A ball python (D:1)
  4 bats
  2 frilled lizards (D:2)
  6 rats (D:2)
48 creatures vanquished.

Notes
Turn   | Place    | Note
-------+----------+-------------------------------------------
     0 | D:1      | terrabitesyou the Minotaur Berserker began the quest for the Orb.
     0 | D:1      | Reached XP level 1. HP: 19/19 MP: 0/0
    97 | D:1      | Reached skill level 4 in Axes
    97 | D:1      | Reached XP level 2. HP: 22/27 MP: 1/1
   548 | D:1      | Reached XP level 3. HP: 33/33 MP: 2/2
  1042 | D:2      | Noticed Terence
  1043 | D:2      | Reached ** piety under Trog
  1048 | D:2      | Killed Terence
  1048 | D:2      | Reached skill level 5 in Axes
  1048 | D:2      | Reached XP level 4. HP: 40/40 MP: 3/3
  1753 | D:2      | Found a faded altar of an unknown god.
  1937 | D:3      | Noticed an ogre
  1943 | D:3      | Killed an ogre
  1943 | D:3      | Reached skill level 6 in Axes
  1943 | D:3      | Reached XP level 5. HP: 28/47 MP: 4/4
  1955 | D:3      | Killed from afar by an orc priest

Skill      XL: |  1  2  3  4 |
---------------+-------------+-----
Axes           | 4 5 6 |  6.1
Fighting       | 4 |  4.5
Armour         | 3 |  3.3
Dodging        | 3 |  3.0
Stealth        | |  0.1

Action                   |  1- 3 |  4- 6 || total
-------------------------+-------+-------++-------
Melee: Hand axe          |    56 |    32 ||    88
       Headbutt          |     9 |     5 ||    14
Invok: Berserk           |     2 |     1 ||     3
  Use: Potion            |       |     1 ||     1
  Eat: Chunk             |     2 |     3 ||     5
Armor: Animal skin       |     5 |       ||     5
       Ring mail         |     5 |     8 ||    13
Dodge: Dodged            |    27 |    16 ||    43
